 Dungeon Crawl Stone Soup version 0.17.0-28-g6e173f8 (webtiles) character file.

46 lucasterio the Conjurer (level 3, 0/26 HPs)
             Began as a Draconian Conjurer on Nov 24, 2015.
             Slain by a white imp (2 damage)
             ... summoned by Natasha
             ... on level 2 of the Dungeon.
             The game lasted 00:07:36 (2034 turns).

lucasterio the Conjurer (Draconian Conjurer)        Turns: 2034, Time: 00:07:36

Health: 0/26       AC:  6    Str: 10    XL:     3   Next: 46%
Magic:  2/6        EV: 12    Int: 16    God:
Gold:   90         SH:  0    Dex: 11    Spells: 2 memorised, 3 levels left

rFire  . . .     SeeInvis .     (no weapon)
rCold  . . .     Clarity  .     (armour unavailable)
rNeg   . . .     SustAt   .     (no shield)
rPois  .         Gourm    .     (helmet restricted)
rElec  .         Spirit   .     (no cloak)
rCorr  .         Warding  .     (no gloves)
rMut   .         Stasis   .     l - +0 pair of boots
MR     .....                    (no amulet)
Stlth  ++........               (no ring)
                                (no ring)

@: lethally poisoned (0 -> -4), slowed, very slow, not resistant to hostile
enchantments, unstealthy
A: unfitting armour, cold-blooded, AC +5
a: no special abilities


You were on level 2 of the Dungeon.
You were not hungry.

You visited 1 branch of the dungeon, and saw 2 of its levels.

You collected 90 gold pieces.

Inventory:

Armour
 l - a +0 pair of boots (worn)
Scrolls
 e - a scroll of remove curse {unknown}
 f - a scroll of noise {unknown}
 g - a scroll of fear {unknown}
 k - a scroll of recharging {unknown}
Potions
 c - a potion of brilliance {unknown}
 d - a potion of agility {unknown}
 i - a potion of curing {unknown}
 j - a potion of degeneration {unknown}
 n - a potion of heal wounds {unknown}
Books
 a - a book of Conjurations

   Spells                             Type                      Level
   a - Magic Dart                     Conjuration                  1
   b - Searing Ray                    Conjuration                  2
   c - Dazzling Spray                 Conjuration/Hexes            3
   d - Fulminant Prism                Conjuration/Hexes            4
   e - Iskenderun's Mystic Blast      Conjuration                  4
   f - Iskenderun's Battlesphere      Conjuration/Charms           5
Comestibles
 b - a bread ration
 h - 2 meat rations
 m - 3 chunks of flesh


   Skills:
 + Level 0.2 Fighting
 + Level 2.3 Dodging
 + Level 2.1 Stealth
 + Level 0.4 Unarmed Combat
 + Level 2.2 Spellcasting
 + Level 4.5 Conjurations


You had 3 spell levels left.
You knew the following spells:

 Your Spells              Type           Power        Failure   Level  Hunger
a - Magic Dart            Conj           ###.         3%          1    #......
b - Searing Ray           Conj           ###...       6%          2    ###....


Dungeon Overview and Level Annotations

Branches:
Dungeon (2/15)

Altars:

Annotations:
D:2 Natasha


Innate Abilities, Weirdness & Mutations

Your plain brown scales are hard (AC +5).
Your body does not fit into most forms of armour.
You are cold-blooded and may be slowed by cold attacks.


Message History

Aiming: Magic Dart
Press: ? - help, Shift-Dir - straight line, f/p - Natasha
Aim: Natasha (severely wounded)
The magic dart hits Natasha.
Natasha is almost dead.
You feel sick.
Natasha stares at you and mumbles some strange words.
The magic dart hits you!
* * * LOW HITPOINT WARNING * * *
The adder barely misses you.
Natasha mewls in sadness.
Natasha barely misses you. The adder bites you but does no damage.
The white imp misses you.
Unknown command.
You barely miss Natasha.
Natasha is almost dead.
The adder closely misses you.
Natasha casts a spell.
The white imp hits you.
You die...

## .. .# #.# ### .### #.#
#... ...# #.# #.#.###.#.#
####### #.# #.
#...##.####.....#
##.#####.###.#S@)...#....<#
#............)h5..........##
#..######.##.#.#.##........#
##..######.##.#.#.####......#
..............#.#.# ###.##.#
##.........>..#.#.. #)##.#
#..#......#....### #.##.#
##..#.###.####### #.##.#####
....#.# #.# . #.##......


You could see Natasha, an adder and a white imp.

Vanquished Creatures
  An adder (D:1)
  An ooze (D:1)
  A worm (D:2)
  2 giant geckos (D:1)
  4 bats
  3 goblins
  4 hobgoblins (D:1)
  2 giant newts (D:1)
  7 kobolds
  4 rats
29 creatures vanquished.

Notes
Turn   | Place    | Note
--------------------------------------------------------------
     0 | D:1      | lucasterio the Draconian Conjurer began the quest for the Orb.
     0 | D:1      | Reached XP level 1. HP: 14/14 MP: 3/3
   278 | D:1      | Reached XP level 2. HP: 10/20 MP: 5/5
  1011 | D:1      | Reached XP level 3. HP: 6/26 MP: 3/6
  1265 | D:1      | Learned a level 2 spell: Searing Ray
  2008 | D:2      | Noticed Natasha
  2034 | D:2      | Slain by a white imp

Action                   || total
-------------------------++-------
Melee: Unarmed           ||   179
 Cast: Magic Dart        ||    22
       Searing Ray       ||     2
 Stab: Sleeping          ||     3
  Eat: Chunk             ||     4
